 Dungeon Crawl Stone Soup version 0.27.1 (webtiles) character file.

Game seed: 9574211717068347863

81 ZARRMARR the Magician (level 4, 0/24 HPs)
             Began as a Deep Elf Air Elementalist on Aug 31, 2021.
             Slain by an ogre (24 damage)
             ... on level 3 of the Dungeon.
             The game lasted 00:07:27 (2394 turns).

ZARRMARR the Magician (Deep Elf Air Elementalist)   Turns: 2394, Time: 00:07:28

Health: 0/24       AC:  3    Str:  5    XL:     4   Next: 20%
Magic:  6/12       EV: 13    Int: 21    God:
Gold:   119        SH:  0    Dex: 21    Spells: 11/12 levels left

rFire    . . .     SeeInvis .   (no weapon)
rCold    . . .     Faith    .   (no shield)
rNeg     . . .     Spirit   .   a - +0 robe
rPois    .         Reflect  .   b - +0 helmet
rElec    .         Harm     .   (no cloak)
rCorr    .         Rampage  .   (no gloves)
Will     .....                  (no boots)
Stlth    ++........             (no amulet)
HPRegen  0.08/turn              g - +6 ring of dexterity
MPRegen  0.13/turn              (no ring)

@: no status effects
A: no striking features
a: no special abilities


You were on level 3 of the Dungeon.
You visited 1 branch of the dungeon, and saw 3 of its levels.

You collected 119 gold pieces.

Inventory:

Armour
 a - a +0 robe (worn)
 b - a +0 helmet (worn)
Jewellery
 g - a +6 ring of dexterity (left hand)
Scrolls
 c - 2 scrolls of silence
 d - a scroll of teleportation
 h - a scroll of holy word
 i - 2 scrolls of enchant weapon
 m - a scroll of vulnerability {unknown}
 n - 2 scrolls of enchant armour {unknown}
 o - a scroll of immolation {unknown}
Potions
 e - a potion of berserk rage {unknown}
 f - a potion of might {unknown}
 j - a potion of curing {unknown}
 k - a potion of ambrosia {unknown}
 l - a potion of heal wounds {unknown}


   Skills:
 + Level 2.8 Dodging
 - Level 2.4 Stealth
 + Level 4.5 Spellcasting
 - Level 1.1 Conjurations
 + Level 4.1 Air Magic


You had 11 spell levels left.
You knew the following spells:

 Your Spells              Type           Power      Damage    Failure   Level
a - Shock                 Conj/Air       60%        1d6       3%          1

Your spell library contained the following spells:

 Spells                   Type           Power      Damage    Failure   Level
 Static Discharge         Conj/Air       15%        N/A       6%          2
 Swiftness                Air            22%        N/A       6%          3
 Airstrike                Air            11%        N/A       21%         4


Dungeon Overview and Level Annotations

Branches:
Dungeon (3/15)

Altars:


Message History

You kill the dart slug!
An ogre comes into view. It is wielding a +0 giant spiked club.
The ogre shouts!
You see here 8 gold pieces.
Aiming: Shock (safe; 3% risk of failure)
Press: ? - help, Q - select action Shift-Dir - straight line, f - ogre
Aim: an ogre, wielding a +0 giant spiked club (86% to hit)
The zap hits the ogre.
The ogre is lightly wounded.
Unknown command.
Aiming: Shock (safe; 3% risk of failure)
Press: ? - help, Q - select action Shift-Dir - straight line, f/p - ogre
Aim: an ogre, wielding a +0 giant spiked club (lightly wounded, 86% to hit)
The zap hits the ogre.
The ogre is moderately wounded.
Aiming: Shock (safe; 3% risk of failure)
Press: ? - help, Q - select action Shift-Dir - straight line, f/p - ogre
Aim: an ogre, wielding a +0 giant spiked club (moderately wounded, 86% to hit)
The zap hits the ogre.
The ogre is moderately wounded.
Aiming: Shock (safe; 3% risk of failure)
Press: ? - help, Q - select action Shift-Dir - straight line, f/p - ogre
Aim: an ogre, wielding a +0 giant spiked club (moderately wounded, 86% to hit)
The zap hits the ogre.
The ogre is moderately wounded.
Aiming: Shock (safe; 3% risk of failure)
Press: ? - help, Q - select action Shift-Dir - straight line, f/p - ogre
Aim: an ogre, wielding a +0 giant spiked club (moderately wounded, 86% to hit)
The zap hits the ogre.
The ogre is heavily wounded.
An endoplasm comes into view.
Aiming: Shock (safe; 3% risk of failure)
Press: ? - help, Q - select action Shift-Dir - straight line, f/p - ogre
Aim: an ogre, wielding a +0 giant spiked club (heavily wounded, 86% to hit)
The zap hits the ogre.
The ogre is severely wounded.
The endoplasm quivers.
The ogre hits you with a +0 giant spiked club!!
Ouch! That really hurt!
You die...

... .. .≈≈≈ ##
#J# ≈≈≈≈≈#.
..# ≈≈.≈≈#.
#..### ≈≈≈≈≈#.
......
.≈≈≈#..##...#
#....O...#
.###...@...#
...........#
...........#
...........###
.............#
.....#.......#
.....#.......#
........)....#
##
..#####..#..##


You could see an ogre and an endoplasm.

Vanquished Creatures
  A gnoll (D:1)
  An adder (D:2)
  3 dart slugs
  2 endoplasms (D:2)
  12 goblins
  4 hobgoblins
  3 jackals (D:1)
  5 kobolds (D:1)
  2 quokkas
  6 ball pythons
  5 bats
  2 frilled lizards (D:2)
  4 rats
50 creatures vanquished.

Notes
Turn   | Place    | Note
-------+----------+-------------------------------------------
     0 | D:1      | ZARRMARR the Deep Elf Air Elementalist began the quest for
                  | the Orb.
     0 | D:1      | Reached XP level 1. HP: 10/10 MP: 6/6
   578 | D:1      | Reached XP level 2. HP: 15/15 MP: 6/8
   844 | D:1      | Reached XP level 3. HP: 19/19 MP: 0/10
  1040 | D:1      | Found a faded altar of an unknown god.
  2127 | D:2      | Reached XP level 4. HP: 20/24 MP: 3/12
  2388 | D:3      | Noticed an ogre
  2394 | D:3      | Slain by an ogre

Illustrated notes

Levels and vault maps discovered:
D:1:      lightli_arrival_chessboard, layout_basic, basic_ecumenical_altar
D:2:      cheibrodos_greedy_goblins, layout_loops_ring, minmay_fountain_box
D:3:      layout_rooms, kennysheep_slug_shrine, moated_statue

Skill      XL: |  1  2  3 |
---------------+----------+-----
Air Magic      | 4 |  4.1
Spellcasting   | 4 |  4.5
Dodging        | |  2.8
Stealth        | |  2.4
Conjurations   | |  1.1

Action                   |  1- 3 |  4- 6 || total
-------------------------+-------+-------++-------
Melee: Unarmed           |     6 |       ||     6
 Cast: Shock             |    91 |    16 ||   107
  Use: Scroll            |     3 |     1 ||     4
Armor: Robe              |     5 |       ||     5
Dodge: Dodged            |    20 |     1 ||    21
